 Seeded DCSS version 0.30-a0-802-gb92711bcdf (webtiles) character file.

Game seed: 13768840450151565059 (custom seed)

980 hikkokomori the Digger (level 8, -1/48 HPs)
             Began as a Gargoyle Earth Elementalist on Feb 24, 2023.
             Slain by an ice beast (8 damage)
             ... on level 5 of the Dungeon.
             The game lasted 00:10:23 (5525 turns).

hikkokomori the Digger (GrEE)                       Turns: 5525, Time: 00:10:24

Health: -1/48      AC: 11    Str: 15    XL:     8   Next: 17%
Magic:  7/12       EV: 11    Int: 15    God:
Gold:   380        SH:  0    Dex: 10    Spells: 1/12 levels left

rFire   + . .      SeeInvis .    u - +4 quarterstaff (chaos)
rCold   . . .      Faith    .    (shield currently unavailable)
rNeg    + . .      Spirit   .    n - +1 leather armour {rF+}
rPois   ∞          Reflect  .    r - +0 helmet
rElec   +          Harm     .    t - +0 cloak
rCorr   .          Rampage  .    (no gloves)
Will    .....                    (no boots)
Stlth   +++                      (no amulet)
HPRegen 0.28/turn                (no ring)
MPRegen 0.13/turn                (no ring)

@: no status effects
A: sickness immunity, AC +5, negative energy resistance 1, electricity
resistance, torment resistance 1, petrification resistance
a: no special abilities


You were on level 5 of the Dungeon.
You visited 1 branch of the dungeon, and saw 5 of its levels.
You also visited: Sewer.

You collected 380 gold pieces.

Inventory:

Hand Weapons
 g - a +0 dagger of electrocution
 u - a +4 quarterstaff of chaos (weapon)
Missiles
 m - 2 javelins
Armour
 a - a +0 robe
 h - a +0 ring mail
 n - a +1 leather armour of fire resistance (worn)
 r - a +0 helmet (worn)
 t - a +0 cloak (worn)
 w - a +0 hat
Magical Staves
 F - a staff of earth
Jewellery
 H - a +4 ring of protection
Wands
 x - a wand of digging (1)
 y - a wand of roots (6)
 G - a wand of charming (7)
Scrolls
 d - 2 scrolls of vulnerability {unknown}
 e - 3 scrolls of teleportation {unknown}
 f - 7 scrolls of blinking
 i - 5 scrolls of identify
 j - a scroll of torment {unknown}
 k - 3 scrolls of fog {unknown}
 q - 2 scrolls of enchant armour {unknown}
 v - a scroll of enchant weapon {unknown}
 A - 2 scrolls of noise {unknown}
 C - a scroll of amnesia {unknown}
Potions
 b - a potion of magic
 c - 5 potions of curing
 l - a potion of lignification {unknown}
 o - 2 potions of flight {unknown}
 p - a potion of berserk rage {unknown}
 s - a potion of resistance {unknown}
 z - a potion of might {unknown}
 B - 2 potions of degeneration {unknown}
 D - a potion of haste {unknown}
 E - 2 potions of cancellation {unknown}


   Skills:
 + Level 3.7 Fighting
 - Level 1.7 Staves
 - Level 1.5 Dodging
 + Level 5.6 Stealth
 - Level 2.8 Spellcasting
 + Level 3.7 Conjurations
 + Level 2.5 Transmutations
 + Level 6.3 Earth Magic


You had one spell level left.
You knew the following spells:

 Your Spells              Type           Power      Damage    Failure   Level
a - Sandblast             Erth           42%        2d11      1%          1
b - Stone Arrow           Conj/Erth      34%        3d9       10%         3
c - Teleport Other        Tloc           2%         N/A       58%         3
d - Petrify               Tmut/Erth      15%        N/A       38%         4

Your spell library contained the following spells:

 Spells                   Type           Power      Damage    Failure   Level
 Passwall                 Tmut/Erth      12%        N/A       6%          2
 Lesser Beckoning         Tloc           4%         N/A       36%         2
 Frozen Ramparts          Ice            4%         1d1       58%         3
 Gell's Gravitas          Tloc           2%         N/A       58%         3
 Portal Projectile        Hex/Tloc       4%         N/A       58%         3
 Tukima's Dance           Hex            2%         N/A       58%         3
 Ice Form                 Ice/Tmut       5%         N/A       83%         4
 Summon Ice Beast         Ice/Summ       2%         N/A       94%         4
 Blade Hands              Tmut           4%         N/A       94%         5


Dungeon Overview and Level Annotations

Branches:
Dungeon (5/15)              Sewer (visited)
 Temple: D:4-7

Altars:
Zin

Shops:
D:1 *

Annotations:
D:4 3 runed translucent doors, F1ng0rz's ghost, amateur OpTm


Innate Abilities, Weirdness & Mutations

You are immune to sickness and miasma.
Your stone body is resilient. (AC +5)
You are immune to poison.
You resist negative energy. (rN+)
You are resistant to electric shocks. (rElec)
You are resistant to unholy torment.
You are immune to petrification.


Message History

The ufetubus hits you but does no damage. x2
You sock the ufetubus!
You kill the ufetubus!
H - a +4 ring of protection You now have 380 gold pieces (gained 10).
Found a trident.
i - 5 scrolls of identify (gained 1)
An ice beast comes into view.
Found 16 gold pieces.
An ice beast is nearby!
An ice beast is nearby!
An ice beast is nearby!
Found 36 gold pieces.
Found a glowing silver altar of Zin.
An adder comes into view.
The blast of sand hits the ice beast but does no damage.
The ice beast hits you but does no damage.
The ice beast hits you. The ice beast freezes you!
The blast of sand hits the ice beast!
The ice beast is heavily wounded.
The ice beast closely misses you.
The blast of sand misses the ice beast.
The adder hisses angrily.
The ice beast hits you. The ice beast freezes you!
The ice beast hits you but does no damage.
You are too injured to fight recklessly!
Casting: Sandblast (safe; 1% risk of failure)
Confirm with . or Enter, or press ? or * to list all spells.
Aiming: Stone Arrow (dangerous; 10% risk of failure)
Press: ? - help, Shift-Dir - straight line, f/p - ice beast
Aim: an ice beast (moderately wounded, 68% to hit)
The stone arrow hits the ice beast!
The ice beast is severely wounded.
The ice beast hits you.
* * * LOW HITPOINT WARNING * * *
The ice beast freezes you!
* * * LOW HITPOINT WARNING * * *
It was a potion of curing.
You feel better. The ice beast hits you.
* * * LOW HITPOINT WARNING * * *
The ice beast freezes you!
You die...

....########..# ### ...##
#....)..# .._. #.. ..8#
##......# ... #.# .###
#......# ###### #.#.# #.#
## #......# #$$$$###.#.#
##.# #
#......##......##...# #..#
#.......##....##....###'##
######...#8..8#.....##....
#...@YS........##)...
#######..........)... #
##.###..#)... #. #.#
#..#)... #..#<###..#....
#.....#..#....
#####....##### ##.>.#
#####


You could see an ice beast and an adder.

Vanquished Creatures
  An orc warrior (D:5)
  A centaur (D:3)
  2 bullfrogs (Sewer)
  A necrophage (D:5)
  3 scorpions
  A jelly (D:5)
  Crazy Yiuf (D:2)
  Ijyb (D:3)
  2 orc wizards (D:5)
  Robin (D:2)
  4 gnolls (D:3)
  12 adders
  2 ufetubi (D:5)
  A worm (D:3)
  3 dart slugs
  14 orcs
  11 ball pythons
  5 endoplasms
  9 giant cockroaches
  15 goblins
  7 hobgoblins
  9 kobolds
  8 quokkas
  8 bats
  8 frilled lizards
  5 rats
135 creatures vanquished.

Notes
Turn   | Place    | Note
-------+----------+-------------------------------------------
     0 | D:1      | hikkokomori the Gargoyle Earth Elementalist began the quest
                  | for the Orb.
     0 | D:1      | Reached XP level 1. HP: 10/10 MP: 3/3
    99 | D:1      | Reached XP level 2. HP: 15/15 MP: 3/5
   296 | D:1      | Reached skill level 4 in Earth Magic
   423 | D:1      | Found Botoj's Assorted Antiques.
   569 | D:1      | Reached XP level 3. HP: 18/19 MP: 3/6
  1198 | D:2      | Found a faded altar of an unknown god.
  1336 | D:2      | Reached XP level 4. HP: 24/24 MP: 3/8
  1502 | D:2      | Found a runed translucent door.
  1503 | D:2      | Noticed Crazy Yiuf
  1597 | D:2      | Learned a level 3 spell: Stone Arrow
  1601 | D:2      | Learned a level 3 spell: Teleport Other
  1759 | D:2      | Noticed Robin
  1894 | D:2      | Killed Robin
  2210 | D:2      | Killed Crazy Yiuf
  2211 | D:2      | Reached skill level 1 in Fighting
  2211 | D:2      | Reached skill level 1 in Conjurations
  2211 | D:2      | Reached XP level 5. HP: 27/29 MP: 5/9
  2356 | D:3      | Noticed a centaur
  2374 | D:3      | Killed a centaur
  2375 | D:3      | Reached skill level 5 in Earth Magic
  2404 | D:3      | Reached skill level 1 in Staves
  2408 | D:3      | Reached XP level 6. HP: 29/35 MP: 2/10
  2476 | D:3      | Found a glowing drain.
  2489 | Sewer    | Entered a sewer
  2542 | Sewer    | Reached skill level 1 in Transmutations
  3018 | D:3      | Identified the +2 ring mail "Vipnepin" {-Cast rF+++ rC+
                  | rCorr}
  3269 | D:3      | Noticed Ijyb
  3276 | D:3      | Killed Ijyb
  3277 | D:3      | Reached XP level 7. HP: 28/40 MP: 11/11
  3287 | D:3      | Learned a level 4 spell: Petrify
  3750 | D:4      | Reached skill level 5 in Stealth
  4270 | D:4      | Noticed F1ng0rz's ghost (amateur OpTm)
  4321 | D:4      | Found a runed translucent gate.
  4321 | D:4      | Found a runed translucent gate.
  4321 | D:4      | Found a runed translucent gate.
  4625 | D:5      | Entered Level 5 of the Dungeon
  4783 | D:5      | Reached skill level 6 in Earth Magic
  4831 | D:5      | Reached XP level 8. HP: 26/47 MP: 12/12
  5518 | D:5      | Found a glowing silver altar of Zin.
  5524 | D:5      | HP: 1/48 [ice beast (11)]
  5525 | D:5      | Slain by an ice beast

Illustrated notes

Levels and vault maps discovered:
D:1:      lightli_arrival_noodles, layout_basic, serial_shops,
          nicolae_shop_overgrown_old_shop, minmay_pentomino_o4
D:2:      layout_loops_cross, shapermc_ecumenical_altar_starsandcircs,
          uniq_robin, uniq_crazy_yiuf_cottage
D:3:      layout_loops_corners, portal_sewer_entry_d, uniq_ijyb
D:4:      layout_basic, gammafunk_ghost_icy, minmay_misc_feat_room
D:5:      layout_basic, jmf_multi_god_temple, serial_corexii_hall,
          chequers_hall_statues_y, corexii_hall_statues_x

Skill      XL: |  1  2  3  4  5  6  7 |
---------------+----------------------+-----
Earth Magic    | 4 5 6 |  6.3
Stealth        | 3 4 5 |  5.6
Fighting       | 1 2 3 |  3.7
Conjurations   | 1 2 3 |  3.7
Staves         | 1 |  1.7
Transmutations | 1 2 |  2.5
Dodging        | |  1.5
Spellcasting   | |  2.8

Action                     |  1- 3 |  4- 6 |  7- 9 || total
---------------------------+-------+-------+-------++-------
  Melee: Unarmed           |     4 |       |       ||     4
         Dagger            |    12 |    20 |       ||    32
         Quarterstaff      |       |   137 |    95 ||   232
   Cast: Sandblast         |    44 |    32 |    21 ||    97
         Stone Arrow       |       |       |     1 ||     1
    Use: Scroll            |       |     3 |       ||     3
         Potion            |       |       |     1 ||     1
   Stab: Sleeping          |       |     4 |     2 ||     6
 Armour: Robe              |     5 |    96 |       ||   101
         Ring mail         |    12 |     4 |       ||    16
         Leather armour    |       |     8 |    65 ||    73
  Dodge: Dodged            |    37 |   143 |    91 ||   271

Table legend: (Time is in decaauts)
 A = Elapsed time spent in this place.
 B = Non-inter-level travel time spent in this place.
 C = Inter-level travel time spent in this place.
 D = Time resting spent in this place.
 E = Time spent auto-exploring this place.
 F = Levels seen in this place.
 G = Mean time per level.
                   A        B        C        D        E       F      G
               +--------+--------+--------+--------+--------+-----+--------+
         Total |   5687 |   5510 |    177 |     60 |   4192 |   6 |  947.8 |
       Dungeon |   5180 |   5003 |    177 |      0 |   4094 |   5 | 1036.0 |
         Sewer |    507 |    507 |      0 |     60 |     98 |   1 |  507.0 |
               +--------+--------+--------+--------+--------+-----+--------+

Top non-repeatable levels by time:
     D:2: 1244 daAuts
     D:1: 1099 daAuts
     D:3: 1011 daAuts
     D:5: 918 daAuts
     D:4: 907 daAuts
   Sewer: 507 daAuts
